 Dungeon Crawl Stone Soup version 0.31.0-11-ge490571c62 (webtiles) character file.

Game seed: 10185074364281466392

50 Ashen the Sneak (level 3, 0/26 HPs)
             Began as a Gnoll Enchanter on Feb 2, 2024.
             Slain by a gnoll
             ... wielding a +0 halberd
              (10 damage)
             ... on level 2 of the Dungeon.
             The game lasted 00:03:09 (928 turns).

Ashen the Sneak (Gnoll Enchanter)                    Turns: 928, Time: 00:03:10

Health: 0/26       AC:  2    Str:  7    XL:     3   Next: 79%
Magic:  5/9        EV: 13    Int: 14    God:
Gold:   22         SH:  0    Dex: 14    Spells: 10/12 levels left

rFire   . . .        d - +1 dagger (drain)
rCold   . . .        (no shield)
rNeg    . . .        b - +0 robe
rPois   .            (no helmet)
rElec   .            (no cloak)
rCorr   .            (no gloves)
SInv    .            (no boots)
Will    .....        (no amulet)
Stlth   +++          (no ring)
HPRegen 0.24/turn    (no ring)
MPRegen 0.11/turn

%: no passive effects
@: no status effects
A: fangs 1, strong nose, distributed training
a: no special abilities


You were on level 2 of the Dungeon.
You visited 1 branch of the dungeon, and saw 2 of its levels.

You collected 22 gold pieces.

Inventory:

Hand Weapons
 a - a +1 dagger
 d - a +1 dagger of draining (weapon)
Armour
 b - a +0 robe (worn)
Jewellery
 j - a +5 ring of evasion
Scrolls
 h - 2 scrolls of teleportation {unknown}
 i - a scroll of amnesia {unknown}
Potions
 c - 2 potions of invisibility
 e - a potion of berserk rage {unknown}
 f - a potion of degeneration {unknown}
 g - a potion of lignification {unknown}
 k - a potion of magic {unknown}


   Skills:
 + Level 1.0 Fighting
 + Level 2.6 Short Blades
 + Level 1.0 Long Blades
 + Level 1.0 Axes
 + Level 1.0 Maces & Flails
 + Level 1.0 Polearms
 + Level 1.0 Staves
 + Level 1.0 Ranged Weapons
 + Level 1.0 Throwing
 + Level 1.0 Armour
 + Level 4.6 Dodging
 + Level 6.0 Stealth
 + Level 1.0 Shields
 + Level 1.0 Unarmed Combat
 + Level 5.0 Spellcasting
 + Level 0.7 Conjurations
 + Level 5.4 Hexes
 + Level 0.7 Summonings
 + Level 0.7 Necromancy
 + Level 0.7 Translocations
 + Level 0.7 Fire Magic
 + Level 0.7 Ice Magic
 + Level 0.7 Air Magic
 + Level 0.7 Earth Magic
 + Level 0.7 Alchemy
 + Level 1.0 Invocations
 + Level 1.0 Evocations
 + Level 0.8 Shapeshifting


You had 10 spell levels left.
You knew the following spells:

 Your Spells              Type           Power      Damage    Failure   Level
a - Ensorcelled Hibernat  Hex/Ice        24%        N/A       8%          2

Your spell library contained the following spells:

 Spells                   Type           Power      Damage    Failure   Level
 Confusing Touch          Hex            18%        N/A       5%          3
 Tukima's Dance           Hex            18%        N/A       5%          3
 Dazzling Flash           Conj/Hex       24%        N/A       14%         3
 Passwall                 Erth           5%         N/A       36%         3
 Swiftness                Air            5%         N/A       36%         3


Dungeon Overview and Level Annotations

Branches:
Dungeon (2/15)

Altars:


Innate Abilities, Weirdness & Mutations

You have very sharp teeth.
Your uncanny sense of smell can sniff out nearby items.
Your experience applies equally to all skills.


Message History

The kobold looks drowsy...
The gnoll hits you with a +0 spear.
The helpless kobold fails to defend itself.
You impale the kobold!!
You kill the kobold!
The gnoll hits you with a +0 spear! The gnoll barely misses you.
There is a stone staircase leading up here.
The gnoll hits you from afar with a +0 spear.
You climb upwards.
There is a stone staircase leading down here.
You start resting.
Magic restored.
You start resting.
HP restored.
You climb downwards.
There is a stone staircase leading up here.
Casting: Ensorcelled Hibernation (safe; 8% risk of failure)
Confirm with . or Enter, or press ? or * to list all spells.
Aiming: Ensorcelled Hibernation (safe; 8% risk of failure)
Press: ? - help, Shift-Dir - straight line, f - gnoll
Aim: a gnoll, wielding a +0 spear (chance to affect: 54%)
The gnoll looks drowsy...
Casting: Ensorcelled Hibernation (safe; 8% risk of failure)
Confirm with . or Enter, or press ? or * to list all spells.
Aiming: Ensorcelled Hibernation (safe; 8% risk of failure)
Press: ? - help, Shift-Dir - straight line, f - gnoll, p - gnoll
Aim: a gnoll, wielding a +0 halberd (chance to affect: 54%)
The gnoll looks drowsy...
A gnoll comes into view. It is wielding a +0 spear.
The rat squeaks loudly.
The gnoll shouts! x2
The gnoll hits you from afar with a +0 spear!
The gnoll closely misses you. The gnoll barely misses you.
Things that are here:
4 stones; a +0 short sword The gnoll hits you from afar with a +0 spear.
The gnoll misses you. The gnoll attacks as it pursues you!
The gnoll hits you from afar with a +0 spear.
The gnoll hits you with a +0 halberd!
You die...

.....#.# #..##
#...# .).....#####
#..####K.#
...........#
###..g..#.#
...†.#.###.
#....##....
.....#.#
#.####....###...
#####..#
#...............
##.##
########........###
#..#
#÷...rg.......>....
#.##
#.@.g............##
#.#
#..g...).....###...
#.#
####....###.)..#
###
#.########....####
#....#
#..........####
###### ############


You could see 3 gnolls and a rat.

Vanquished Creatures
  A gnoll (D:1)
  2 dart slugs
  A ribbon worm (D:2)
  An endoplasm (D:2)
  4 giant cockroaches
  A goblin (D:2)
  A hobgoblin (D:1)
  5 kobolds
  3 quokkas
  2 ball pythons
  7 bats
  A frilled lizard (D:1)
  2 rats (D:1)
31 creatures vanquished.

Notes
Turn   | Place    | Note
-------+----------+-------------------------------------------
     0 | D:1      | Ashen the Gnoll Enchanter began the quest for the Orb.
     0 | D:1      | Reached XP level 1. HP: 13/13 MP: 6/6
   127 | D:1      | Reached XP level 2. HP: 16/20 MP: 7/7
   200 | D:1      | Learned a level 2 spell: Ensorcelled Hibernation
   462 | D:1      | Reached skill level 6 in Stealth
   462 | D:1      | Reached skill level 5 in Spellcasting
   462 | D:1      | Reached skill level 1 in Invocations
   462 | D:1      | Reached XP level 3. HP: 25/25 MP: 7/9
   731 | D:2      | Reached skill level 1 in Fighting
   731 | D:2      | Reached skill level 1 in Long Blades
   731 | D:2      | Reached skill level 1 in Axes
   731 | D:2      | Reached skill level 1 in Maces & Flails
   731 | D:2      | Reached skill level 1 in Polearms
   731 | D:2      | Reached skill level 1 in Staves
   731 | D:2      | Reached skill level 1 in Ranged Weapons
   731 | D:2      | Reached skill level 1 in Throwing
   731 | D:2      | Reached skill level 1 in Armour
   731 | D:2      | Reached skill level 1 in Shields
   731 | D:2      | Reached skill level 1 in Unarmed Combat
   731 | D:2      | Reached skill level 1 in Evocations
   928 | D:2      | Slain by a gnoll

Illustrated notes

Levels and vault maps discovered:
D:1:      beargit_arrival_diablo_church, layout_basic
D:2:      layout_rooms, chequers_serial_rivers_large_a, minmay_nonomino_d4

Skill      XL: |  1  2  3 |
---------------+----------+-----
Stealth        | 6 |  6.0
Spellcasting   | 5 |  5.0
Invocations    | 1 |  1.0
Fighting       | 1 |  1.0
Long Blades    | 1 |  1.0
Axes           | 1 |  1.0
Maces & Flails | 1 |  1.0
Polearms       | 1 |  1.0
Staves         | 1 |  1.0
Ranged Weapons | 1 |  1.0
Throwing       | 1 |  1.0
Armour         | 1 |  1.0
Shields        | 1 |  1.0
Unarmed Combat | 1 |  1.0
Evocations     | 1 |  1.0
Short Blades   | |  2.6
Dodging        | |  4.6
Conjurations   | |  0.7
Hexes          | |  5.4
Summonings     | |  0.7
Necromancy     | |  0.7
Translocations | |  0.7
Fire Magic     | |  0.7
Ice Magic      | |  0.7
Air Magic      | |  0.7
Earth Magic    | |  0.7
Alchemy        | |  0.7
Shapeshifting  | |  0.8

Action                     || total
---------------------------++-------
  Melee: Dagger            ||    72
         Bite              ||     5
   Cast: Ensorcelled Hiber ||    15
   Stab: Sleeping          ||    18
 Armour: Robe              ||    45
  Dodge: Dodged            ||    68
